 Dungeon Sprint DCSS version 0.29-a0-512-gf59ac788ac (webtiles) character file.

Game seed: 1521092747763925592

1464 mhtbhm the Grappler (level 8, -2/88 HPs)
             Began as a Troll Transmuter on May 29, 2022.
             Was an Initiate of Gozag.
             Killed from afar by a gargoyle (23 damage)
             ... with a stone arrow
             ... in the Dungeon (Sprint IX: "|||||||||||||||||||||||||||||").
             The game lasted 00:00:57 (325 turns).

mhtbhm the Grappler (Troll Transmuter)               Turns: 325, Time: 00:00:58

Health: -2/88      AC:  6    Str: 19    XL:     8   Next: 48%
Magic:  9/15       EV: 12    Int: 14    God:    Gozag
Gold:   603        SH:  0    Dex: 13    Spells: 8/18 levels left

rFire   x . .      SeeInvis .     - Unarmed
rCold   + + +      Faith    .   (shield currently unavailable)
rNeg    . . .      Spirit   .   (body armour currently unavailable)
rPois   +          Reflect  .   (helmet currently unavailable)
rElec   .          Harm     .   (cloak currently unavailable)
rCorr   .          Rampage  .   (gloves unavailable)
Will    .....      NoTele   +   (boots unavailable)
Stlth   ++........              (no amulet)
HPRegen 1.04/turn               k - +3 ring of dexterity
MPRegen 0.14/turn               l - +3 ring of intelligence

@: ice-form, wereblooded, gold aura
A: freezing attack, amphibious, boosted hp, large, unfitting armour, (claws 3),
regeneration 1, (shaggy fur 1), (tough skin 1)
a: End Transformation, Renounce Religion, Potion Petition, Call Merchant, Bribe
Branch


You were in the Dungeon.
You worshipped Gozag.
Gozag was pleased with you.
You were a creature of crystalline ice.
You visited 1 branch You collected 603 gold pieces.

Inventory:

Armour
 a - a +0 robe (melded)
Jewellery
 k - a +3 ring of dexterity (left front paw)
 l - a +3 ring of intelligence (right front paw)
Wands
 j - a wand of iceblast (10)
Scrolls
 h - 2 scrolls of blinking
 i - 2 scrolls of amnesia
Potions
 b - a potion of lignification
 c - 5 potions of curing
 e - a potion of haste
 f - 4 potions of magic
 g - a potion of invisibility


   Skills:
 + Level 2.5 Fighting
 + Level 6.1 Dodging
 + Level 0.8 Stealth
 + Level 13.4 Unarmed Combat
 + Level 5.5 Spellcasting
 + Level 5.6 Transmutations
 + Level 1.4 Ice Magic


You had 8 spell levels left.
You knew the following spells:

 Your Spells              Type           Power      Damage    Failure   Level
a - Beastly Appendage     Tmut           38%        N/A       1%          1
b - Wereblood             Tmut           19%        N/A       2%          2
c - Spider Form           Tmut/Pois      11%        N/A       16%         3
d - Ice Form              Ice/Tmut       13%        N/A       36%         4

Your spell library contained the following spells:

 Spells                   Type           Power      Damage    Failure   Level


Dungeon Overview and Level Annotations

Branches:
Dungeon (1/1)

Altars:
Cheibriados
Dithmenos
Elyvilon
Fedhas
Gozag
Hepliaklqana
Kikubaaqudgha
Makhleb
Nemelex Xobeh
Okawaru
Qazlal
Ru
Sif Muna
Trog
Uskayaw
Vehumet
Wu Jian
Xom
Yredelemnul
Zin
The Shining One
Beogh
Jiyva
Lugonu


Innate Abilities, Weirdness & Mutations

You are a creature of crystalline ice.
You have a powerful freezing melee attack.
You are amphibious.
Your maximum health is increased.
Your armour is entirely melded.
You are incapable of wielding weapons or throwing items.
You are too large for most types of armour.
((You have claws for hands.))
Your natural rate of healing is unusually fast.
((You are covered in fur. (AC +1)))
((You have tough skin. (AC +1)))


Message History

A two-headed ogre, a centaur warrior, a tengu conjurer, a gargoyle and 2 cyclopes come into view.
The centaur warrior shouts!
The tengu conjurer shouts!
The cyclops shouts!
The cyclops shouts!
The cyclops closely misses you.
There is an open door here.
Unknown command.
You punch the cyclops! You freeze the cyclops.
The cyclops is moderately wounded.
You punch the cyclops! You freeze the cyclops.
The cyclops is severely wounded.
The cyclops closely misses you.
You hit the cyclops but do no damage.
The cyclops is severely wounded.
The cyclops hits you!!
You hit the cyclops but do no damage.
The cyclops is severely wounded.
You pummel the cyclops!! You freeze the cyclops.
You feel a bit better.
You kill the cyclops!
The gargoyle hurls a stone arrow at you.
The stone arrow hits you!
Your Dodging skill increases to level 6!
Your Unarmed Combat skill increases to level 13!
Unknown command.
Unknown command.
The gargoyle hurls a stone arrow at you.
The stone arrow hits you!
Things that are here:
207 gold pieces; 3 large rocks You completely miss the gargoyle.
The tengu conjurer gestures at you while chanting.
The bolt of lightning hits the gargoyle.
The gargoyle resists.
The bolt of lightning hits you!!
* * * LOW HITPOINT WARNING * * *
You hit the gargoyle. You freeze the gargoyle.
The gargoyle is moderately damaged.
You howl as the wereblood boils in your veins!
The gargoyle hurls a stone arrow at you.
The stone arrow hits you!!
You die...
Your body crumbles into a pile of gold. $$$$$

$ $ $ $$$ $ $$
▓▓▓▓▓▓▓▓▓▓▓▓▓▓▓▓▓▓▓▓▓▓▓
+COcQ9Y'.....))..[[[.).
▓▓▓▓▓▓▓▓▓▓▓▓▓▓▓▓▓▓▓▓▓▓▓


You could see a centaur warrior, a two-headed ogre, a cyclops, a tengu conjurer
and a gargoyle.

Vanquished Creatures
  A cyclops (D)
  A gargoyle (D)
  A troll (D)
  A yak (D)
  An acid dragon (D)
  A black bear (D)
  An ogre (D)
  A centaur (D)
  A howler monkey (D)
  A gnoll shaman (D)
  An adder (D)
  An endoplasm (D)
  A quokka (D)
  A ball python (D)
  A frilled lizard (D)
  2 kobolds (D)
17 creatures vanquished.

Notes
Turn   | Place    | Note
-------+----------+-------------------------------------------
     0 | D        | mhtbhm the Troll Transmuter began the quest for the Orb.
     0 | D        | Reached XP level 1. HP: 18/18 MP: 1/1
    34 | D        | Noticed a black bear
    34 | D        | Noticed a gnoll shaman
    34 | D        | Noticed an ogre
    37 | D        | Reached skill level 4 in Unarmed Combat
    37 | D        | Reached XP level 2. HP: 26/26 MP: 1/3
    39 | D        | Killed an ogre
    40 | D        | Reached skill level 1 in Fighting
    40 | D        | Reached skill level 6 in Unarmed Combat
    40 | D        | Reached XP level 3. HP: 31/33 MP: 1/6
    40 | D        | Reached XP level 4. HP: 39/41 MP: 1/7
    43 | D        | Reached skill level 7 in Unarmed Combat
    45 | D        | Killed a black bear
    46 | D        | Reached skill level 8 in Unarmed Combat
    46 | D        | Reached XP level 5. HP: 47/48 MP: 1/9
   104 | D        | Found a snail-covered altar of Cheibriados.
   104 | D        | Found a shadowy altar of Dithmenos.
   104 | D        | Found a white marble altar of Elyvilon.
   104 | D        | Found a blossoming altar of Fedhas.
   104 | D        | Found an opulent altar of Gozag.
   105 | D        | Found a hazy altar of Hepliaklqana.
   106 | D        | Found a viscous altar of Jiyva.
   107 | D        | Found an ancient bone altar of Kikubaaqudgha.
   108 | D        | Found a corrupted altar of Lugonu.
   109 | D        | Found a burning altar of Makhleb.
   110 | D        | Found a sparkling altar of Nemelex Xobeh.
   111 | D        | Found an iron altar of Okawaru.
   112 | D        | Became a worshipper of Gozag Ym Sagoz the Greedy
   113 | D        | Found a stormy altar of Qazlal.
   114 | D        | Found a sacrificial altar of Ru.
   115 | D        | Found a shimmering blue altar of Sif Muna.
   116 | D        | Found a bloodstained altar of Trog.
   117 | D        | Found a hide-covered altar of Uskayaw.
   118 | D        | Found a radiant altar of Vehumet.
   119 | D        | Found an ornate altar of the Wu Jian Council.
   120 | D        | Found a shimmering altar of Xom.
   121 | D        | Found a basalt altar of Yredelemnul.
   122 | D        | Found a glowing silver altar of Zin.
   123 | D        | Found a glowing golden altar of the Shining One.
   129 | D        | Learned a level 2 spell: Wereblood
   133 | D        | Learned a level 3 spell: Spider Form
   138 | D        | Learned a level 4 spell: Ice Form
   163 | D        | Noticed a yak
   163 | D        | Noticed a troll
   163 | D        | Noticed an acid dragon
   163 | D        | Noticed a centaur
   163 | D        | Noticed a gargoyle
   174 | D        | Killed a gargoyle
   175 | D        | Reached skill level 10 in Unarmed Combat
   175 | D        | Reached XP level 6. HP: 28/55 MP: 4/11
   178 | D        | Reached skill level 11 in Unarmed Combat
   178 | D        | Reached XP level 7. HP: 62/62 MP: 4/12
   180 | D        | Reached skill level 5 in Dodging
   183 | D        | Reached skill level 5 in Transmutations
   193 | D        | Killed a troll
   194 | D        | Reached skill level 12 in Unarmed Combat
   194 | D        | Reached skill level 5 in Spellcasting
   194 | D        | Reached skill level 1 in Ice Magic
   196 | D        | Killed a yak
   197 | D        | Reached XP level 8. HP: 22/72 MP: 6/14
   316 | D        | Noticed a cyclops
   316 | D        | Noticed a two-headed ogre
   316 | D        | Noticed a centaur warrior
   316 | D        | Noticed a tengu conjurer
   316 | D        | Noticed a gargoyle
   316 | D        | Noticed a cyclops
   322 | D        | Killed a cyclops
   323 | D        | Reached skill level 13 in Unarmed Combat
   325 | D        | Killed from afar by a gargoyle

Illustrated notes

Levels and vault maps discovered:
D:        linesprint [early_d, line_temple, items_1, d_10, items_2, lair_1,
          lair_end, items_3, orc_1, orc_end, items_4, d_15, swamp_1, shoals_1,
          snake_1, spider_1, d_20, vaults_1, items_5, swamp_end, shoals_end,
          snake_end, spider_end, vaults_end, d_27, items_6, zot_1, zot_end,
          crypt_end, forest_end, elf_end, slime_end, tomb_end, abyss_end,
          pan_hell_end]

Skill      XL: |  1  2  3  4  5  6  7  8 |
---------------+-------------------------+-----
Dodging        | 2 3 4 5 6 |  6.1
Unarmed Combat | 4 6 8 10 11 12 13 | 13.4
Fighting       | 1 2 |  2.5
Spellcasting   | 2 3 4 5 |  5.5
Transmutations | 2 3 4 5 |  5.6
Ice Magic      | 1 |  1.4
Stealth        | |  0.8

Action                   |  1- 3 |  4- 6 |  7- 9 || total
-------------------------+-------+-------+-------++-------
Melee: Unarmed           |     9 |    18 |    22 ||    49
       Headbutt          |     1 |     1 |       ||     2
       Kick              |     1 |     2 |       ||     3
 Cast: Beastly Appendage |     2 |       |       ||     2
       Ice Form          |       |     1 |     1 ||     2
       Wereblood         |       |     1 |     1 ||     2
  Use: Potion            |     1 |     1 |     2 ||     4
Armor: Robe              |     2 |     3 |       ||     5
       Skin              |       |     1 |     6 ||     7
Dodge: Dodged            |     1 |     5 |    11 ||    17

Table legend: (Time is in decaauts)
 A = Elapsed time spent in this place.
 B = Non-inter-level travel time spent in this place.
 C = Inter-level travel time spent in this place.
 D = Time resting spent in this place.
 E = Time spent auto-exploring this place.
 F = Levels seen in this place.
 G = Mean time per level.
                   A        B        C        D        E       F      G
               +--------+--------+--------+--------+--------+-----+--------+
         Total |    324 |    324 |      0 |    179 |      0 |   1 |  324.0 |
       Dungeon |    324 |    324 |      0 |    179 |      0 |   1 |  324.0 |
               +--------+--------+--------+--------+--------+-----+--------+

Top non-repeatable levels by time:
       D: 324 daAuts
